 Dungeon Crawl Stone Soup version 0.29.1 (webtiles) character file.

Game seed: 9655496533620696771

507 qw the Cleaver (level 6, -1/52 HPs)
             Began as a Minotaur Berserker on Sept 13, 2022.
             Was a Priest of Trog.
             Slain by a gnoll
             ... wielding a +0 spear
             ... led by a gnoll bouda
              (8 damage)
             ... on level 5 of the Dungeon.
             The game lasted 00:01:38 (4438 turns).

qw the Cleaver (Minotaur Berserker)                 Turns: 4438, Time: 00:01:38

Health: -1/52      AC: 12    Str: 24    XL:     6   Next: 97%
Magic:  5/5        EV:  7    Int:  4    God:    Trog [***...]
Gold:   131        SH:  0    Dex:  9    Spells: 5/5 levels left

rFire   + . .      SeeInvis .   Y - +2 war axe
rCold   + . .      Faith    .   (no shield)
rNeg    + . .      Spirit   .   e - +0 plate armour
rPois   .          Reflect  .   i - +1 hat
rElec   .          Harm     .   h - scarf {rC+ rF+}
rCorr   .          Rampage  .   (no gloves)
Will    .....                   (no boots)
Stlth   ..........              (no amulet)
HPRegen 0.17/turn               f - ring of positive energy
MPRegen 0.09/turn               (no ring)

@: on berserk cooldown, slowed, very slow
A: horns 2, retaliatory headbutt
a: Renounce Religion, Berserk, Trog's Hand


You were on level 5 of the Dungeon.
You worshipped Trog.
Trog was most pleased with you.
You visited 1 branch of the dungeon, and saw 5 of its levels.

You collected 131 gold pieces.


Innate Abilities, Weirdness & Mutations

You have a pair of horns on your head.
You reflexively headbutt those who attack you in melee.


   Skills:
 - Level 4.1 Fighting
 + Level 8.7 Axes
 - Level 4.1 Armour
 - Level 2.1 Dodging


You had 5 spell levels left.
You didn't know any spells.
Your spell library was empty.

Inventory:

Hand Weapons
 c - a +0 mace
 Y - a +2 war axe (weapon)
Armour
 e - a +0 plate armour (worn)
 h - a scarf of resistance (worn)
 i - a +1 hat (worn)
Jewellery
 f - a ring of positive energy (left hand)
Scrolls
 o - 2 scrolls of identify
Potions
 a - a potion of attraction {unknown}
 b - a potion of might {unknown}
 d - a potion of ambrosia {unknown}
 g - a potion of curing
 j - a potion of degeneration {unknown}
 k - a potion of resistance {unknown}
 p - a potion of invisibility {unknown}

Dungeon Overview and Level Annotations

Branches:
Dungeon (5/15)
 Temple: D:4-7

Altars:
Ashenzari
Dithmenos
Makhleb
Vehumet
Yredelemnul


Message History

The gnoll bouda calls upon its god to heal the gnoll.
The gnoll's wounds heal themselves!
The gnoll hits you but does no damage. x3
You hit the gnoll but do no damage.
The gnoll is moderately wounded.
You hit the gnoll bouda. You hit the gnoll but do no damage.
The gnoll bouda hits you but does no damage.
The gnoll hits you from afar with a +0 spear.
The gnoll hits you but does no damage. The gnoll barely misses you.
The gnoll bouda hits you but does no damage.
You completely miss the gnoll.
The gnoll is moderately wounded.
You hit the gnoll bouda but do no damage.
You hit the gnoll.
The gnoll hits you but does no damage. x2; The gnoll hits you with a +0 club.
The gnoll bouda barely misses you. The gnoll hits you but does no damage.
The gnoll barely misses you. The gnoll completely misses you.
You hit the gnoll. You punch the gnoll.
The gnoll is severely wounded.
You hit the gnoll bouda. You hit the gnoll.
The gnoll is no longer moving quickly. x2
The gnoll bouda hits you with a +0 club.
The gnoll hits you but does no damage. x2; The gnoll hits you with a +0 club.
The gnoll bouda barks out a call to the hunt!
The gnolls pick up the pace!
The gnoll hits you from afar with a +0 spear.
You hit the gnoll.
The gnoll is almost dead.
You hit the gnoll bouda but do no damage.
You slash the gnoll!
You kill the gnoll!
Trog accepts your kill.
Your attacks no longer feel as feeble.
The gnoll hits you but does no damage. The gnoll bouda closely misses you.
The gnoll hits you but does no damage. x2; The gnoll bouda barely misses you.
You slash the gnoll!
You kill the gnoll!
Trog accepts your kill.
You barely miss the gnoll bouda.
The gnoll hits you from afar with a +0 spear!
You die...

##....#.)........##
#...
#.....)).........#
...
#......#.........#
#.......#...###.....
#......###.## ##...
#............# ##..
#........##.)###.....
#.......>.#...)......
#...........)@g.....<
+..........#).)......
#..........#.g.......
#..........#..#......
..(.......#.........
##...<.......... ...
#......... #.........


You could see a gnoll bouda and a gnoll (swift).

Vanquished Creatures
  An ogre (D:5)
  A kobold brigand (D:4)
  A scorpion (D:4)
  An orc priest (D:5)
  A jelly (D:5)
  An iguana (D:4)
  An orc wizard (D:5)
  Robin (D:3)
  3 gnolls (D:5)
  3 adders
  2 dart slugs
  7 orcs
  9 endoplasms
  6 giant cockroaches
  15 goblins
  10 hobgoblins
  4 jackals (D:4)
  27 kobolds
  2 quokkas
  8 ball pythons
  5 bats
  4 frilled lizards
  3 rats
116 creatures vanquished.

Vanquished Creatures (others)
  33 plants (D:4)
33 creatures vanquished.

Grand Total: 149 creatures vanquished

Notes
Turn   | Place    | Note
-------+----------+-------------------------------------------
     0 | D:1      | qw the Minotaur Berserker began the quest for the Orb.
     0 | D:1      | Reached XP level 1. HP: 19/19 MP: 0/0
     0 | D:1      | 0 ||| qw: Version: 0.1-a-119-g272c26d
     0 | D:1      | 0 ||| qw: Game counter: 11097
     0 | D:1      | 0 ||| qw: Always use a shield: true
     0 | D:1      | 0 ||| qw: Do Orc after D:15 true
     0 | D:1      | 0 ||| qw: Do second Lair branch before Depths: true
     0 | D:1      | 0 ||| qw: Lair rune preference: random
     0 | D:1      | 0 ||| qw: Plans: Normal
     0 | D:1      | 0 ||| PLANNING D:1-11
    89 | D:1      | 89 ||| Stepping ~*~*~tactically~*~*~ (stealth).
    93 | D:1      | Reached skill level 4 in Axes
   100 | D:1      | 100 ||| Stepping ~*~*~tactically~*~*~ (stealth).
   181 | D:1      | Reached XP level 2. HP: 26/26 MP: 1/1
   697 | D:1      | Reached ** piety under Trog
   816 | D:1      | Reached skill level 5 in Axes
  1037 | D:1      | Reached XP level 3. HP: 31/31 MP: 2/2
  1223 | D:1      | 1223 ||| UPGRADING to +0 ring mail.
  1233 | D:1      | 1233 ||| DROPPING +0 animal skin.
  1234 | D:1      | 1234 ||| UPGRADING to +1 hat.
  1239 | D:1      | 1239 ||| READING scroll labelled ASOGHOIPESS.
  1240 | D:1      | 1240 ||| READING scroll labelled KUTHRO VOKHUATE.
  1241 | D:1      | 1241 ||| DRINKING 2 red potions.
  1242 | D:1      | 1242 ||| DROPPING potion of brilliance.
  1243 | D:1      | 1243 ||| Stepping randomly (stuck).
  1244 | D:1      | 1244 ||| Stepping ~*~*~tactically~*~*~ (cloud).
  1990 | D:2      | 1990 ||| Stepping ~*~*~tactically~*~*~ (stealth).
  2008 | D:2      | Found a burning altar of Makhleb.
  2186 | D:2      | 2186 ||| UPGRADING to scarf of resistance.
  2191 | D:2      | 2191 ||| DROPPING amulet of magic regeneration.
  2192 | D:2      | 2192 ||| UPGRADING to ring of positive energy.
  2193 | D:2      | 2193 ||| READING scroll labelled METYOZ JISIKOV.
  2197 | D:2      | 2197 ||| DRINKING 2 green potions.
  2277 | D:3      | 2277 ||| Stepping ~*~*~tactically~*~*~ (stealth).
  2290 | D:3      | Noticed Robin
  2291 | D:3      | 2291 ||| Stepping ~*~*~tactically~*~*~ (stealth).
  2292 | D:3      | 2292 ||| Stepping ~*~*~tactically~*~*~ (stealth).
  2294 | D:3      | 2294 ||| Stepping ~*~*~tactically~*~*~ (hiding).
  2301 | D:3      | 2301 ||| Stepping ~*~*~tactically~*~*~ (hiding).
  2303 | D:3      | 2303 ||| Stepping ~*~*~tactically~*~*~ (hiding).
  2304 | D:3      | 2304 ||| Stepping ~*~*~tactically~*~*~ (hiding).
  2307 | D:3      | 2307 ||| INVOKING Berserk.
  2312 | D:3      | Killed Robin
  2313 | D:3      | Reached skill level 6 in Axes
  2313 | D:3      | Reached XP level 4. HP: 24/39 MP: 3/3
  2555 | D:3      | Found a radiant altar of Vehumet.
  2749 | D:3      | 2749 ||| Stepping ~*~*~tactically~*~*~ (stealth).
  2772 | D:3      | 2772 ||| Stepping ~*~*~tactically~*~*~ (stealth).
  2810 | D:3      | 2810 ||| SWAPPING to +0 war axe.
  2811 | D:3      | 2811 ||| DROPPING +0 hand axe.
  2958 | D:3      | 2958 ||| UPGRADING to +0 scale mail.
  2968 | D:3      | 2968 ||| DROPPING +0 ring mail.
  2969 | D:3      | 2969 ||| UPGRADING to +0 chain mail.
  2979 | D:3      | 2979 ||| DROPPING +0 scale mail.
  2980 | D:3      | 2980 ||| DROPPING amulet of faith.
  2981 | D:3      | 2981 ||| READING 2 scrolls labelled RISIHEMOTIDD.
  2982 | D:3      | 2982 ||| READING scroll labelled FUTUNY SAPN.
  2983 | D:3      | 2983 ||| DROPPING scroll of magic mapping.
  3007 | D:4      | Found a basalt altar of Yredelemnul.
  3034 | D:4      | Noticed a scorpion
  3040 | D:4      | Killed a scorpion
  3041 | D:4      | Reached skill level 7 in Axes
  3041 | D:4      | Reached XP level 5. HP: 45/45 MP: 4/4
  3180 | D:4      | 3180 ||| FLEEEEING.
  3183 | D:4      | 3183 ||| FLEEEEING.
  3184 | D:4      | 3184 ||| FLEEEEING.
  3185 | D:4      | 3185 ||| FLEEEEING.
  3186 | D:4      | 3186 ||| FLEEEEING.
  3187 | D:4      | 3187 ||| FLEEEEING.
  3188 | D:4      | 3188 ||| FLEEEEING.
  3189 | D:4      | 3189 ||| FLEEEEING.
  3190 | D:4      | 3190 ||| FLEEEEING.
  3191 | D:4      | 3191 ||| Stepping ~*~*~tactically~*~*~ (stealth).
  3192 | D:4      | 3192 ||| FLEEEEING.
  3196 | D:4      | Reached *** piety under Trog
  3358 | D:4      | 3358 ||| Stepping ~*~*~tactically~*~*~ (stealth).
  3363 | D:4      | 3363 ||| Stepping ~*~*~tactically~*~*~ (stealth).
  3400 | D:4      | Found a broken altar of Ashenzari.
  3437 | D:4      | Found a shadowy altar of Dithmenos.
  3627 | D:4      | 3627 ||| Stepping ~*~*~tactically~*~*~ (stealth).
  3629 | D:4      | 3629 ||| Stepping ~*~*~tactically~*~*~ (stealth).
  3630 | D:4      | 3630 ||| Stepping ~*~*~tactically~*~*~ (stealth).
  3654 | D:4      | 3654 ||| FLEEEEING.
  3656 | D:4      | 3656 ||| Stepping ~*~*~tactically~*~*~ (stealth).
  3696 | D:4      | 3696 ||| Stepping ~*~*~tactically~*~*~ (stealth).
  3706 | D:4      | 3706 ||| Stepping ~*~*~tactically~*~*~ (stealth).
  3708 | D:4      | 3708 ||| Stepping ~*~*~tactically~*~*~ (stealth).
  3722 | D:4      | Reached skill level 8 in Axes
  3722 | D:4      | Reached XP level 6. HP: 37/52 MP: 5/5
  3809 | D:4      | 3809 ||| READING scroll of enchant weapon.
  3809 | D:4      | 3809 ||| ENCHANTING +1 war axe.
  3957 | D:4      | 3957 ||| UPGRADING to +0 plate armour.
  3967 | D:4      | 3967 ||| DROPPING +0 chain mail.
  3968 | D:4      | 3968 ||| READING scroll labelled IMILU GIU.
  3982 | D:5      | Entered Level 5 of the Dungeon
  3987 | D:5      | 3987 ||| INVOKING Berserk.
  3989 | D:5      | 3989 ||| STAIRDANCE
  4105 | D:5      | 4105 ||| INVOKING Berserk.
  4111 | D:5      | 4111 ||| STAIRDANCE
  4250 | D:5      | 4250 ||| Stepping ~*~*~tactically~*~*~ (stealth).
  4251 | D:5      | 4251 ||| Stepping ~*~*~tactically~*~*~ (stealth).
  4252 | D:5      | 4252 ||| Stepping ~*~*~tactically~*~*~ (stealth).
  4256 | D:5      | 4256 ||| Stepping ~*~*~tactically~*~*~ (hiding).
  4259 | D:5      | 4259 ||| Stepping ~*~*~tactically~*~*~ (stealth).
  4261 | D:5      | 4261 ||| INVOKING Berserk.
  4392 | D:5      | 4392 ||| Stepping ~*~*~tactically~*~*~ (stealth).
  4394 | D:5      | 4394 ||| Stepping ~*~*~tactically~*~*~ (stealth).
  4401 | D:5      | 4401 ||| INVOKING Berserk.
  4422 | D:5      | 4422 ||| Stepping ~*~*~tactically~*~*~ (stealth).
  4423 | D:5      | 4423 ||| Stepping ~*~*~tactically~*~*~ (stealth).
  4436 | D:5      | HP: 11/52 [gnoll/+0 club[a gnoll bouda] (4)]
  4438 | D:5      | Slain by a gnoll

Levels and vault maps discovered:
D:1:      shiori_arrival_maze, layout_basic
D:2:      layout_basic, basic_altar, grunt_decor_resistance
D:3:      layout_basic, vehumet_crystals, serial_bayou_pond_b,
          minmay_fractal_squares_gapless_5, uniq_robin
D:4:      kennysheep_kobold_camp, layout_cave_pools,
          cheibrodos_ashenzari_chains, mainiacjoe_overflow_six_doors_small,
          mainiacjoe_overflow_catwalk, serial_column_ruins,
          column_ruins_square_small, column_ruins_hut_water,
          column_ruins_columns_corner, column_ruins_open_small_water,
          column_ruins_columns_dead_end, column_ruins_columns_straight,
          column_ruins_grid_1, serial_bayou_lagoon_b
D:5:      layout_cave_pools, mainiacjoe_overflow_big_doors,
          chequers_serial_rivers_room_b

Skill      XL: |  1  2  3  4  5  6 |
---------------+-------------------+-----
Axes           | 4 5 6 7 8 |  8.7
Fighting       | 4 |  4.1
Armour         | 4 |  4.1
Dodging        | |  2.1

Action                   |  1- 3 |  4- 6 || total
-------------------------+-------+-------++-------
Melee: Hand axe          |    83 |    41 ||   124
       Punch             |     1 |     2 ||     3
       Headbutt          |     8 |    15 ||    23
       War axe           |       |    99 ||    99
Invok: Berserk           |     1 |     4 ||     5
  Use: Scroll            |     3 |     4 ||     7
       Potion            |     2 |       ||     2
Armor: Animal skin       |     8 |       ||     8
       Ring mail         |     6 |    11 ||    17
       Chain mail        |       |    32 ||    32
       Plate armour      |       |    31 ||    31
Dodge: Dodged            |    34 |    52 ||    86

Table legend:
 A = Non-vault XP
 B = Vault XP
 C = Vault XP percentage of total XP
 D = Non-vault monster count
 E = Vault monster count
 F = Vault count percentage of total count
                 A         B        C        D         E       F
            +---------+---------+-------+---------+---------+-------
      Total |     548 |     191 |  25.8 |      76 |      40 |  34.5
            +---------+---------+-------+---------+---------+-------
        D:1 |      44 |       3 |   6.4 |      25 |       2 |   7.4
        D:2 |      16 |       0 |   0.0 |       9 |       0 |   0.0
        D:3 |      23 |      57 |  71.2 |      13 |      17 |  56.7
        D:4 |     169 |     131 |  43.7 |      15 |      21 |  58.3
        D:5 |     296 |       0 |   0.0 |      14 |       0 |   0.0
            +---------+---------+-------+---------+---------+-------
